Cogmind - Beta 13 *** ADVENTURER MODE // 2024.04.06 @ 20:01:36 // Winter2022/Polymind Player: RandomCommander Result: Destroyed by B-86 Titan with Hardcell Cannon Performance ------------- Evolutions (6) 3000 Regions Visited (11) 2200 Robots Destroyed (48) 240 Value Destroyed (1741) 1741 Prototype IDs (1) 20 Alien Tech Used (0) 0 Bonus (6570) 6570 TOTAL SCORE: 13331 Bonus ------- Polymind Skill 5582 High Alert Combat Kills 8 Follower Combat Kills 280 Entered Garrisons 200 Entered DSFs 500 Cogmind --------- Core Integrity 0/1150 Matter 0/0 Energy 34/100 System Corruption 2% Temperature Cool (0) Movement Core (50) Location -4/Extension Parts ------- > --- POWER (1) -------- (None) > --- PROPULSION (2) --- (None) > --- UTILITY (2) ------ (None) > --- WEAPON (2) ------- (None) > --- INVENTORY (0) ---- (None) Peak State ------------ > --- POWER ------------ Light Antimatter Reactor > --- PROPULSION ------- Flexi-carbon Leg Flexi-carbon Leg > --- UTILITY ---------- Advanced Heat Sink Advanced Heat Sink > --- WEAPON ----------- Field Laser Plasma Rifle > --- INVENTORY -------- (None) [Rating: 35] Favorites ----------- Power Improved Deuterium Engine Engine Improved Deuterium Engine Power Core Light Nuclear Core Reactor Light Antimatter Reactor Propulsion Light Treads Treads Light Treads Leg Carbon-fiber Leg Wheel Wheel Hover Unit Improved Hover Unit Flight Unit Flight Unit Utility Improved Heat Sink Device Improved Heat Sink Storage Small Matter Pod Processor Targeting Computer Hackware Hacking Suite Protection Improved Light Armor Plating Weapon Gatling Laser Energy Gun Gatling Laser Ballistic Gun Flak Gun Special Weapon Remote Datajack Slashing Weapon Axe Special Melee Weapon Improved Datajack Build | -11 -10 -9 -9 -8 -7 -7 -6 -5 -5 -4 -4 ------- Run | Yrd Mat Mat Min Mat Fac Gar Fac Fac DSF Fac Ext Slots Evolved . | . . . . . . . . . . . . Power . | . . . . . . . . . . . . Propulsion . | . . . . . . . . . . . . Utility . | . . . . . . . . . . . . Weapon . | . . . . . . . . . . . . Parts Attached . | . . . . . . . . . . . . Power . | . . . . . . . . . . . . Engine . | . . . . . . . . . . . . Core . | . . . . . . . . . . . . Reactor . | . . . . . . . . . . . . Propulsion . | . . . . . . . . . . . . Treads . | . . . . . . . . . . . . Leg . | . . . . . . . . . . . . Wheel . | . . . . . . . . . . . . Hover . | . . . . . . . . . . . . Flight . | . . . . . . . . . . . . Utility . | . . . . . . . . . . . . Device . | . . . . . . . . . . . . Storage . | . . . . . . . . . . . . Processor . | . . . . . . . . . . . . Hackware . | . . . . . . . . . . . . Protection . | . . . . . . . . . . . . Artifact . | . . . . . . . . . . . . Weapon . | . . . . . . . . . . . . Energy Gun . | . . . . . . . . . . . . Energy Cannon . | . . . . . . . . . . . . Ballistic Gun . | . . . . . . . . . . . . Ballistic Cannon . | . . . . . . . . . . . . Launcher . | . . . . . . . . . . . . Special Weapon . | . . . . . . . . . . . . Impact Weapon . | . . . . . . . . . . . . Slashing Weapon . | . . . . . . . . . . . . Piercing Weapon . | . . . . . . . . . . . . Special Melee Weapon . | . . . . . . . . . . . . Unidentified Prototypes . | . . . . . . . . . . . . Parts Lost 24 | . . 5 . 1 2 . 3 . . 6 7 Power 6 | . . 3 . . . . . . . 2 1 Propulsion 9 | . . 2 . . 2 . 1 . . 1 3 Utility 2 | . . . . 1 . . . . . 1 . Weapon 7 | . . . . . . . 2 . . 2 3 Highest Loss Streak 5 | . . 4 . 1 2 . 3 . . 5 5 To Critical Strikes . | . . . . . . . . . . . . Average Slot Usage (%) 93 | . 100 94 80 82 93 100 98 100 100 93 86 Engine 10 | . 18 8 20 19 6 16 11 12 12 10 4 Core 2 | . 2 9 . . 8 . . . . . . Treads 9 | . . . . . . . 21 25 25 21 . Leg 8 | . 5 33 . . 21 . . . . 1 17 Wheel 6 | . 25 6 40 33 1 . . . . . . Hover 3 | . . . . 4 7 33 4 . . . 9 Device 15 | . 15 16 . 2 5 16 23 25 25 23 18 Storage 3 | . 12 3 20 16 . . . . . . . Processor 4 | . . . . . 15 33 3 . . . . Protection 5 | . . . . . 1 . 10 12 12 10 . Energy Gun 7 | . 2 16 . . . . 11 12 12 11 16 Ballistic Gun 8 | . 6 . . . 17 . 10 12 12 10 . Naked Turns 164 | . 1 6 . . 54 . 8 . . 49 46 Heaviest Build 23 | 9 9 9 4 7 16 6 23 23 23 23 21 Greatest Support 40 | 32 32 20 20 20 30 14 40 40 40 40 40 Greatest Overweight (x) 1 | . . . . . . . 1 . . . . Average Overweight (x) . | . . . . . . . . . . . . Largest Inventory Capacity 5 | 4 4 1 1 1 1 . 5 1 1 1 1 Average Capacity 1 | 3 2 . 1 1 . . 1 1 1 . . Most Carried 4 | 4 4 1 . . . . . . . . . Average Carried . | 2 2 . . . . . . . . . . Final Capacity 4 | 4 1 1 1 1 . . 1 1 1 . . Final Carried 4 | 4 . . . . . . . . . . . Class Distribution -------------------- 39% | Sentry 13% | Worker 12% | Grunt 11% | Hunter 7% | Watcher 4% | Operator 3% | Cogmind 3% | Recycler Dominant Class ---------------- Recycler | -10/Materials Grunt | -9/Materials Worker | -9/Mines Worker | -8/Materials Hunter | -7/Factory Watcher | -7/Garrison Sentry | -6/Factory Sentry | -5/Factory Sentry | -5/DSF Sentry | -4/Factory Grunt | -4/Extension Resources | -11 -10 -9 -9 -8 -7 -7 -6 -5 -5 -4 -4 ----------- Run | Yrd Mat Mat Min Mat Fac Gar Fac Fac DSF Fac Ext Matter Collected 151 | . 25 19 . . 52 . 18 . 3 34 . Remotely . | . . . . . . . . . . . . Salvage Created 1558 | . 184 381 . . 299 . 150 . . 308 236 Parts 83 | . 18 20 . . 25 . 12 . . 4 4 Haulers Intercepted . | . . . . . . . . . . . . Recyclers Shooed 1 | . . . . . . . . . . 1 . Parts Field Recycled . | . . . . . . . . . . . . Retrieved Matter . | . . . . . . . . . . . . Parts Self-Destructed . | . . . . . . . . . . . . Prevented . | . . . . . . . . . . . . Kills | -11 -10 -9 -9 -8 -7 -7 -6 -5 -5 -4 -4 ------- Run | Yrd Mat Mat Min Mat Fac Gar Fac Fac DSF Fac Ext Combat Hostiles Destroyed 39 | . 7 11 . . 8 . 4 . . 3 6 Melee 4 | . . . . . 4 . . . . . . Guns 31 | . 7 11 . . 4 . 3 . . 1 5 Classes Destroyed 9 | . 3 2 . . 3 . 1 . . . . Worker 4 | . . 2 . . 1 . . . . 1 . Builder 2 | . . . . . 2 . . . . . . Watcher 3 | . 2 . . . . . 1 . . . . Swarmer 10 | . 6 3 . . . . 1 . . . . Grunt 16 | . 1 7 . . 2 . 1 . . 2 3 Duelist 1 | . . . . . . . 1 . . . . Sentry 7 | . . 1 . . 3 . . . . 1 2 Hunter 3 | . . . . . 2 . . . . . 1 Programmer 2 | . . . . . 1 . 1 . . . . Best Kill Streak 7 | . 7 4 . . 2 . 4 . . 3 2 Combat Bots Only 5 | . 5 3 . . 2 . 3 . . 2 2 Max Kills in Single Turn 1 | . 1 1 . . 1 . 1 . . 1 1 Gunslinging . | . . . . . . . . . . . . Exploded . | . . . . . . . . . . . . Melee 1 | . . . . . 1 . . . . . . Uniques/NPCs Destroyed . | . . . . . . . . . . . . Combat | -11 -10 -9 -9 -8 -7 -7 -6 -5 -5 -4 -4 -------- Run | Yrd Mat Mat Min Mat Fac Gar Fac Fac DSF Fac Ext Hostile Shots Fired 778 | . 37 185 . . 258 . 51 . 4 170 73 Missed 264 | . 13 58 . . 85 . 19 . 1 62 26 Damage Taken 5560 | . 177 1088 . . 1212 63 375 . 178 1435 1032 Core 2335 | . 74 359 . . 498 49 71 . 114 720 450 Absorbed by Shields . | . . . . . . . . . . . . Redirected to Shielding 31 | . . . . . 31 . . . . . . Ignored by Resistances 1689 | . 54 333 . . 535 . 23 . 46 411 287 Core Remaining (%) 68 | 100 70 . 10 100 . 21 91 . 88 . . Volleys Fired 201 | . 25 80 . . 36 . 12 . . 21 27 Largest 2 | . 1 1 . . 2 . 2 . . 2 2 Hottest 138 | . 65 65 . . 48 . 108 . . 138 138 Shots Fired 287 | . 25 80 . . 72 . 23 . . 41 46 Gun 287 | . 25 80 . . 72 . 23 . . 41 46 Cannon . | . . . . . . . . . . . . Launcher . | . . . . . . . . . . . . Special . | . . . . . . . . . . . . Kinetic 103 | . 23 . . . 72 . 3 . . 5 . Thermal 167 | . 2 80 . . . . 3 . . 36 46 Explosive . | . . . . . . . . . . . . Electromagnetic 17 | . . . . . . . 17 . . . . Robot Hit Streak 32 | . 9 32 . . 14 . 15 . . 23 31 Robot Miss Streak 5 | . 2 1 . . 5 . 3 . . 4 1 Penetration Max . | . . . . . . . . . . . . Secondary Targets 1 | . . . . . . . 1 . . . . Max Gunslinging Chain 1 | . . . . . . . 1 . . . . Shots Hit Robots 267 | . 20 73 . . 67 . 20 . . 37 50 Core Hits 117 | . 15 24 . . 23 . 14 . . 25 16 Critical Kills . | . . . . . . . . . . . . Critical Parts Destroyed 1 | . . . . . 1 . . . . . . Critical Strikes 13 | . . 2 . . 5 . 2 . . 2 2 Burn 6 | . . 2 . . . . . . . 2 2 Destroy 1 | . . . . . 1 . . . . . . Corrupt 2 | . . . . . . . 2 . . . . Sever 4 | . . . . . 4 . . . . . . Melee Attacks 29 | . . . . . 20 . . . . . 9 Impact . | . . . . . . . . . . . . Slashing 19 | . . . . . 19 . . . . . . Piercing . | . . . . . . . . . . . . Sneak Attacks 10 | . . . . . 1 . . . . . 9 Combat Hostiles 4 | . . . . . . . . . . . 4 Follow-up Attacks . | . . . . . . . . . . . . Damage Inflicted 4598 | . 166 1032 . . 1298 14 384 . . 912 792 Guns 3721 | . 166 1018 . . 525 . 384 . . 836 792 Cannons . | . . . . . . . . . . . . Explosions . | . . . . . . . . . . . . Melee 728 | . . . . . 728 . . . . . . Ramming 149 | . . 14 . . 45 14 . . . 76 . Kinetic 836 | . 152 . . . 525 . 54 . . 105 . Thermal 2634 | . 14 1018 . . . . 79 . . 731 792 Explosive . | . . . . . . . . . . . . Electromagnetic 251 | . . . . . . . 251 . . . . Impact . | . . . . . . . . . . . . Slashing 728 | . . . . . 728 . . . . . . Piercing . | . . . . . . . . . . . . Highest Corruption 2 | . . . . . 1 1 . . . 1 2 Average Corruption 1 | . . . . . 1 1 . . . 1 1 Corruption Purged . | . . . . . . . . . . . . Corruption Blocked . | . . . . . . . . . . . . Effects 5 | . . . . . 3 . . . . . 2 Matter Fused 2 | . . . . . 2 . . . . . . Heat Flow Errors 2 | . . . . . . . . . . . 2 Energy Discharges 1 | . . . . . 1 . . . . . . Overload Shots . | . . . . . . . . . . . . Overflow Damage 24 | . . . . . 24 . . . . . . Projectiles . | . . . . . . . . . . . . Explosions . | . . . . . . . . . . . . Melee 24 | . . . . . 24 . . . . . . Knockbacks 2 | . . . . . 1 . . . . 1 . Impact 2 | . . . . . 1 . . . . 1 . Kinetic . | . . . . . . . . . . . . Secondary . | . . . . . . . . . . . . Self-Inflicted Damage 47 | . . . . . 5 14 . . . 28 . Shots . | . . . . . . . . . . . . Rammed 24 | . 2 . . . 1 . . . . 21 . Targets Rammed 72 | . 2 13 . . 25 . . . . 32 . Kicked 48 | . . 13 . . 24 . . . . 11 . Crushed . | . . . . . . . . . . . . Highest Temperature 217 | . 38 213 . . 76 . 217 . . 190 192 Average Temperature 62 | . 14 103 . . 26 . 83 . . 66 39 Received Heat Transfer 1968 | . 33 687 . . 405 . 54 . . 537 252 Effects 2 | . . 2 . . . . . . . . . Interference 2 | . . 2 . . . . . . . . . Siege Activations . | . . . . . . . . . . . . Robots Corrupted 1 | . . . . . . . 1 . . . . Combat Hostiles 1 | . . . . . . . 1 . . . . Parts Fried 1 | . . . . . . . 1 . . . . Impact Corruptions . | . . . . . . . . . . . . Robots Melted 3 | . . . . . . . . . . 2 1 Combat Hostiles 3 | . . . . . . . . . . 2 1 Parts Melted 15 | . . 2 . . . . . . . 4 9 Heat Transferred 6171 | . 37 2381 . . . . 150 . . 1704 1899 Parts Sabotaged . | . . . . . . . . . . . . Parts Stolen . | . . . . . . . . . . . . Parts Stripped . | . . . . . . . . . . . . Power Chain Reactions . | . . . . . . . . . . . . Alert | -11 -10 -9 -9 -8 -7 -7 -6 -5 -5 -4 -4 ------- Run | Yrd Mat Mat Min Mat Fac Gar Fac Fac DSF Fac Ext Peak Influence 568 | . 208 568 207 67 212 68 232 . 30 159 224 Initial 187 | . . 74 187 67 13 68 30 . . 13 37 Average 93 | . 43 273 187 53 84 68 80 . 3 50 120 Maximum Alert Level 2 | . 1 2 1 . 1 . 1 . . . 1 Low Security (%) 86 | 100 90 32 99 100 85 100 79 100 100 100 89 Level 1 12 | . 9 52 . . 14 . 20 . . . 10 Level 2 1 | . . 15 . . . . . . . . . Level 3 . | . . . . . . . . . . . . Level 4 . | . . . . . . . . . . . . Level 5 . | . . . . . . . . . . . . High Security . | . . . . . . . . . . . . Max Security . | . . . . . . . . . . . . Squads Dispatched 15 | . . . 1 1 6 . 2 . . 3 2 Investigation 6 | . . . . 1 4 . . . . . 1 Extermination 4 | . . . . . 1 . 2 . . 1 . Reinforcement 4 | . . . . . 1 . . . . 2 1 Assault 1 | . . . 1 . . . . . . . . Garrison . | . . . . . . . . . . . . Intercept . | . . . . . . . . . . . . Searches Triggered . | . . . . . . . . . . . . Construction Impeded 1 | . . . . . . . . . . . 1 Haulers Reinforced . | . . . . . . . . . . . . Active Scanning Responses . | . . . . . . . . . . . . Cargo Convoy Interrupts . | . . . . . . . . . . . . Stealth | -11 -10 -9 -9 -8 -7 -7 -6 -5 -5 -4 -4 --------- Run | Yrd Mat Mat Min Mat Fac Gar Fac Fac DSF Fac Ext Distress Signals 5 | . . 1 . . 1 . 1 . . 1 1 Communications Jammed . | . . . . . . . . . . . . Distress Signals . | . . . . . . . . . . . . Times Spotted 120 | . 14 30 . . 27 . 9 . 2 20 18 Peak Tracking Total 9 | . 5 9 . . 4 . 5 . 1 8 6 Tactical Retreats 11 | . . 2 . . 3 . 1 . 2 2 1 Traps | -11 -10 -9 -9 -8 -7 -7 -6 -5 -5 -4 -4 ------- Run | Yrd Mat Mat Min Mat Fac Gar Fac Fac DSF Fac Ext Traps Triggered 3 | . . . . . 1 . 1 . . . 1 Indirectly . | . . . . . . . . . . . . Trap Hack Attempts . | . . . . . . . . . . . . Triggered . | . . . . . . . . . . . . Disarmed . | . . . . . . . . . . . . Reprogrammed . | . . . . . . . . . . . . Reused . | . . . . . . . . . . . . Traps Extracted . | . . . . . . . . . . . . Installed . | . . . . . . . . . . . . Triggered . | . . . . . . . . . . . . Machines | -11 -10 -9 -9 -8 -7 -7 -6 -5 -5 -4 -4 ---------- Run | Yrd Mat Mat Min Mat Fac Gar Fac Fac DSF Fac Ext Machines Disabled 2 | . . . . . 2 . . . . . . Max in Single Turn 1 | . . . . . 1 . . . . . . Garrison Access 1 | . . . . 1 . . . . . . . Machines Repaired . | . . . . . . . . . . . . Machines Dismantled . | . . . . . . . . . . . . Machines Sabotaged . | . . . . . . . . . . . . Overloaded Fab Kills . | . . . . . . . . . . . . Hacking | -11 -10 -9 -9 -8 -7 -7 -6 -5 -5 -4 -4 --------- Run | Yrd Mat Mat Min Mat Fac Gar Fac Fac DSF Fac Ext Machines Accessed 23 | . 3 1 . 3 6 2 1 1 . 3 3 Terminals 19 | . 3 . . 2 4 2 1 1 . 3 3 Fabricators . | . . . . . . . . . . . . Repair Stations . | . . . . . . . . . . . . Recycling Units . | . . . . . . . . . . . . Scanalyzers 1 | . . 1 . . . . . . . . . Garrison Access 3 | . . . . 1 2 . . . . . . Total Hacks 59 | . 13 2 . 8 15 3 2 1 . 9 6 Successful 33 | . 9 2 . 4 5 . 2 1 . 6 4 Failed 26 | . 4 . . 4 10 3 . . . 3 2 Catastrophic 6 | . . . . 2 2 1 . . . 1 . Database Lockouts . | . . . . . . . . . . . . Manual 12 | . 1 . . 3 4 . . . . 4 . Terminals 53 | . 13 . . 7 12 3 2 1 . 9 6 Fabricators . | . . . . . . . . . . . . Repair Stations . | . . . . . . . . . . . . Recycling Units . | . . . . . . . . . . . . Scanalyzers 2 | . . 2 . . . . . . . . . Garrison Access 4 | . . . . 1 3 . . . . . . Terminal Hacks 29 | . 9 . . 3 4 . 2 1 . 6 4 Record 6 | . 1 . . . 2 . 1 . . 2 . Open Door 2 | . . . . . . . . . . . 2 Open DSF 1 | . . . . . . . . 1 . . . Branch Access Points 1 | . . . . . . . . . . 1 . Emergency Access Points 2 | . . . . 1 . . 1 . . . . Recycling Unit Index 1 | . 1 . . . . . . . . . . Alert Level 4 | . 2 . . 1 . . . . . 1 . Unreport Threat 1 | . 1 . . . . . . . . . . Locate Traps 2 | . 1 . . . . . . . . . 1 Dispatch Records 2 | . 2 . . . . . . . . . . Recall Investigation 1 | . . . . . 1 . . . . . . Zone Layout 6 | . 1 . . 1 1 . . . . 2 1 Fabricator Hacks . | . . . . . . . . . . . . Repair Station Hacks . | . . . . . . . . . . . . Recycling Unit Hacks . | . . . . . . . . . . . . Scanalyzer 2 | . . 2 . . . . . . . . . Insert Component 1 | . . 1 . . . . . . . . . Analyze 1 | . . 1 . . . . . . . . . Garrison Access Hacks 2 | . . . . 1 1 . . . . . . Unlock Access 1 | . . . . . 1 . . . . . . Seal Access 1 | . . . . 1 . . . . . . . Unauthorized Hacks . | . . . . . . . . . . . . Terminals . | . . . . . . . . . . . . Fabricators . | . . . . . . . . . . . . Repair Stations . | . . . . . . . . . . . . Recycling Units . | . . . . . . . . . . . . Scanalyzers . | . . . . . . . . . . . . Garrison Access . | . . . . . . . . . . . . Data Cores Recovered . | . . . . . . . . . . . . Used . | . . . . . . . . . . . . Hacking Detections 17 | . 3 . . 2 5 2 1 . . 3 1 Full Trace Events 6 | . . . . 1 4 . . . . . 1 Feedback Events 2 | . . . . 1 . . . . . . 1 Corruption 1 | . . . . . . . . . . . 1 Hackware Fried 1 | . . . . 1 . . . . . . . Feedback Blocked . | . . . . . . . . . . . . Robot Schematics Acquired . | . . . . . . . . . . . . Robots Built . | . . . . . . . . . . . . Authchips . | . . . . . . . . . . . . Time . | . . . . . . . . . . . . Total Robot Build Rating . | . . . . . . . . . . . . Part Schematics Acquired 1 | . . 1 . . . . . . . . . Parts Built . | . . . . . . . . . . . . Authchips . | . . . . . . . . . . . . Time . | . . . . . . . . . . . . Total Part Build Rating . | . . . . . . . . . . . . Parts Repaired . | . . . . . . . . . . . . Time . | . . . . . . . . . . . . Parts Recycled . | . . . . . . . . . . . . Recycled Matter . | . . . . . . . . . . . . Retrieved Matter . | . . . . . . . . . . . . Retrieved Components . | . . . . . . . . . . . . Parts Scanalyzed 1 | . . 1 . . . . . . . . . Part Schematics Acquired 1 | . . 1 . . . . . . . . . Parts Damaged . | . . . . . . . . . . . . Bothacking | -11 -10 -9 -9 -8 -7 -7 -6 -5 -5 -4 -4 ------------ Run | Yrd Mat Mat Min Mat Fac Gar Fac Fac DSF Fac Ext Used RIF Installer . | . . . . . . . . . . . . Robots Hacked 18 | . 2 2 . 1 7 . 2 . . 2 2 Non-combat 8 | . . . . 1 5 . . . . 1 1 Combat 10 | . 2 2 . . 2 . 2 . . 1 1 Robot Hacks Applied 24 | . 2 2 . 1 10 . 4 . . 3 2 parse_system 1 | . . . . . 1 . . . . . . find_chute 2 | . . . . . 1 . . . . 1 . map_walls 1 | . . . . . 1 . . . . . . find_terminals 3 | . . . . 1 1 . . . . . 1 map_route 1 | . . . . . 1 . . . . . . mark_security 1 | . . . . . 1 . . . . . . find_shortcuts 10 | . 2 2 . . 2 . 2 . . 1 1 find_garrison 5 | . . . . . 2 . 2 . . 1 . Relay Couplers Released . | . . . . . . . . . . . . Fabnet Peak Effective % . | . . . . . . . . . . . . Robots Rewired 6 | . . . . . . . . . . . 6 Allies Hacked . | . . . . . . . . . . . . Hacks Repelled . | . . . . . . . . . . . . Allies | -11 -10 -9 -9 -8 -7 -7 -6 -5 -5 -4 -4 -------- Run | Yrd Mat Mat Min Mat Fac Gar Fac Fac DSF Fac Ext Total Allies 10 | . . . 1 . . . . . . . 9 Largest Group 8 | . . . 1 1 . . . . . . 8 Highest-Rated Group 340 | . . . 31 31 . . . . . . 340 Highest-Rated Ally 51 | . . . 31 31 . . . . . . 51 Total Orders . | . . . . . . . . . . . . Ally Attacks 44 | . . . 5 2 . . . . . . 37 Total Damage 1231 | . . . 86 . . . . . . . 1145 Kills 8 | . . . 1 . . . . . . . 7 Allies Corrupted . | . . . . . . . . . . . . Allies Melted . | . . . . . . . . . . . . Intel | -11 -10 -9 -9 -8 -7 -7 -6 -5 -5 -4 -4 ------- Run | Yrd Mat Mat Min Mat Fac Gar Fac Fac DSF Fac Ext Robot Analysis Total 14 | 1 2 2 . 1 4 . 2 . . 1 1 Derelict Logs Recovered 1 | . . . 1 . . . . . . . . Drone Launches . | . . . . . . . . . . . . Drone Recoveries . | . . . . . . . . . . . . Exploration | -11 -10 -9 -9 -8 -7 -7 -6 -5 -5 -4 -4 ------------- Run | Yrd Mat Mat Min Mat Fac Gar Fac Fac DSF Fac Ext Turns Passed 4718 | 38 234 348 365 189 999 91 989 23 191 907 344 Spaces Moved 3141 | 38 206 157 450 253 970 159 323 15 120 213 237 Core 253 | 11 2 10 . 1 104 . 6 . . 59 60 Treads 385 | . . . . . . . 122 15 120 128 . Legs 573 | . 20 81 . . 404 . . . . 4 64 Wheels 937 | 27 132 66 450 198 42 . . . . 22 . Hover 941 | . . . . 54 420 159 195 . . . 113 Flight 52 | . 52 . . . . . . . . . . Fastest Speed 37 | 50 37 50 80 50 50 56 50 160 160 50 50 Average Speed 87 | 85 85 98 80 74 83 56 95 160 160 120 71 Slowest Speed 160 | 100 120 120 80 80 120 56 160 160 160 160 120 Overloaded Moves . | . . . . . . . . . . . . Propulsion Burnouts . | . . . . . . . . . . . . Robots Hopped 1 | . 1 . . . . . . . . . . Cave-ins Triggered . | . . . . . . . . . . . . Exploration Rate (%) 34 | 3 41 30 69 27 31 37 8 . 82 6 44 Regions Visited 11 Branch Regions 2 Pre-discovered Areas . | . . . . . . . . . . . . Known Exits Taken 5 | . . . . 1 1 . 1 1 . 1 . Unknown Exits Taken 4 | 1 1 1 1 . . . . . . . . Scrap Searched . | . . . . . . . . . . . . Spaces Dug . | . . . . . . . . . . . . Terrain Destroyed . | . . . . . . . . . . . . Melee . | . . . . . . . . . . . . Projectile . | . . . . . . . . . . . . AOE . | . . . . . . . . . . . . Terrain Rammed 2 | . . . . . 1 1 . . . . . Walls Destroyed . | . . . . . . . . . . . . Machines Disabled . | . . . . . . . . . . . . Actions | -11 -10 -9 -9 -8 -7 -7 -6 -5 -5 -4 -4 --------- Run | Yrd Mat Mat Min Mat Fac Gar Fac Fac DSF Fac Ext Total 4771 | 43 242 267 454 252 1063 160 979 14 119 818 360 Wait 1285 | 2 11 17 5 . 12 1 645 . . 553 39 Move 3128 | 37 203 156 449 252 969 158 322 14 119 212 237 Hop 1 | . 1 . . . . . . . . . . Pick Up 5 | 4 . 1 . . . . . . . . . Fast Attach . | . . . . . . . . . . . . Attach . | . . . . . . . . . . . . Detach . | . . . . . . . . . . . . Swap . | . . . . . . . . . . . . Drop . | . . . . . . . . . . . . Fire 201 | . 25 80 . . 36 . 12 . . 21 27 Melee 29 | . . . . . 20 . . . . . 9 Ram 26 | . 2 . . . 2 1 . . . 21 . Kick 48 | . . 13 . . 24 . . . . 11 . Crush . | . . . . . . . . . . . . Escape Stasis 15 | . . . . . . . . . . . 15 Rewire 33 | . . . . . . . . . . . 33 Trap . | . . . . . . . . . . . . Miscellaneous . | . . . . . . . . . . . . Route ------- -11/Scrapyard -10/Materials (discovered 2 exits: *Mat x2) -9/Materials -9/Mines -8/Materials (discovered 3 exits: *Fac x2 / [*Sto]) -7/Factory (discovered 2 exits: [*Low] / Gar) -7/Garrison -6/Factory -5/Factory -5/DSF -4/Factory (discovered 4 exits: Upp x2 / *Ext x2) -4/Extension History --------- Turn | Location | Event 3 | -11/Scrapyard | Discovered new exit (range 15) 39 | -11/Scrapyard | Entered Materials 160 | -10/Materials | Discovered new exit (range 10) 226 | -10/Materials | Discovered new exit (range 16) 273 | -10/Materials | Entered another Materials area 487 | -9/Materials | Core integrity fell below 50% 532 | -9/Materials | Lost 4 parts (2p2n) 535 | -9/Materials | Core integrity fell below 20% 605 | -9/Materials | Discovered new exit (range 6) 621 | -9/Materials | Entered Mines 745 | -9/Mines | Learned 4 Materials zone layouts 895 | -9/Mines | Met a Derelict testing a Signal Generator 983 | -9/Mines | Discovered new exit (range 5) 986 | -9/Mines | Entered Materials 986 | -8/Materials | Accompanied by 1 ally 987 | -8/Materials | Identified exit to Factory 995 | -8/Materials | Discovered new exit (range 9) 1168 | -8/Materials | Hacking Suite fried by hacking feedback 1175 | -8/Materials | Entered Factory 1260 | -7/Factory | Discovered new exit (range 10) 1993 | -7/Factory | Core integrity fell below 50% 2174 | -7/Factory | Identified exit to Garrison 2174 | -7/Factory | Entered Garrison 2208 | -7/Garrison | Triggered checkpoint 2222 | -7/Garrison | Discovered new exit (range 10) 2240 | -7/Garrison | Triggered checkpoint 2264 | -7/Garrison | Identified exit to Factory 2265 | -7/Garrison | Entered Factory 2303 | -6/Factory | Discovered new exit (range 15) 2310 | -6/Factory | Identified exit to Factory 2430 | -6/Factory | Lost 3 parts (1n2w) 3254 | -6/Factory | Entered another Factory area 3277 | -5/Factory | Identified exit to DSF 3277 | -5/Factory | Entered DSF 3300 | -5/DSF | Discovered new exit (range 16) 3420 | -5/DSF | Additional patrols routed to DSF 3468 | -5/DSF | Entered Factory 3584 | -4/Factory | Identified exit to Upper Caves 3584 | -4/Factory | Identified exit to Extension 4339 | -4/Factory | Core integrity fell below 50% 4358 | -4/Factory | Lost 5 parts (1p1n1u2w) 4375 | -4/Factory | Entered Extension 4415 | -4/Extension | Rescued a captive Derelict 4433 | -4/Extension | Rescued a captive Derelict 4436 | -4/Extension | Rescued a captive Derelict 4668 | -4/Extension | Spotted B-86 Titan 4707 | -4/Extension | Spotted B-86 Titan 4711 | -4/Extension | Core integrity fell below 20% 4715 | -4/Extension | Lost 8 allies 4719 | -4/Extension | Destroyed by B-86 Titan with Hardcell Cannon Last Messages --------------- Penetrated by Slug. B-86 Titan activates siege mode. Slug penetrates Wall. Y-64 Sentinel heat spikes uncontrollably. Lgt. Antimatter Reactor destroyed. Adv. Heat Sink melted. Imp. Treads melted. Y-64 Sentinel destroyed. Acquired 34 Protomatter. Field Laser destroyed. Flexi-carbon Leg destroyed. Acquired 72 Protomatter. Flexi-carbon Leg destroyed. Released control of G-67 Veteran. G-67 Veteran reactivates. Machine disabled. Slug penetrates Wall. Penetrated by Slug. Slug penetrates Machine. Machine disabled. Map ----- +----------------------------------------------------+ | # #??????????????????????????????????????????????? | | #=#??????????????????????????????????????????????? | | #%#??????????????????????????????????????????????? | | #=#??????????????????????????????????????????????? | | #%#??????????????????????????????????????????????? | | #+######?????????????????????????????????????????? | | #=! %#####?????????????????????????????????????? | | #[*=%% # #####?????????????????????????????????? | | # *"! #?????????????????????????????????? | | # % #?????????????????????????????????? | | # # #????????? ??????????????????????? | | # " #????????? ??????????????????????? | | ######## % #????????? ??????????????????????? | | ???????#######%#????????? ??????????????????????? | | ?????????????# #????????? ??????????????????????? | | ?????????????#=#????????? ??????????????????????? | | ?????????????#!#????????? ??????????????????????? | | ?????????????#[#????????# ??????????????????????? | | ?????????????#%#????????# ??????????????????????? | | ?????????????#=##???????# ??????????????????????? | | ?????????????#%%#???????# ??????????????????????? | | ?????????????#%/#???????# #??????????????????????? | | ?????????????#%##???????# #??????????????????????? | | ?????????????#=#????????#%#??????????????????????? | | ?????????????#[#????????# #??????????????????????? | | ?????????????#=##???????#@#??????????????????????? | | ?????????????#!%#???????# #??????????????????????? | | ?????????????# ########?# #??????????????????????? | | ???????????### """ #" ### ###????????????????????? | | ???????????#"" % "" ""#????????????????????? | | ???????????# *= % #????????????????????? | | ???????????# % #????????????????????? | | ???????????# #????????????????????? | | ???????????# #????????????????????? | | ????????? ???????????????????? | | ???????? ?????????????????? | | ??????? ???????????????? | | ?????? ?????????????? | | ????? k ????????????? | | ?????####### B #########????????????? | | ???????????# B #????????????????????? | | ???????????# #????????????????????? | | ???????????# #????????????????????? | | ???????????# #????????????????????? | | ????????????#####T#"""#######????????????????????? | | ?????????????????????????????????????????????????? | | ?????????????????????????????????????????????????? | | | | | | | +----------------------------------------------------+ Best States ------------- Heat Dissipation 55 Energy Generation 26 Energy Capacity 240 Matter Stores 144 Matter Capacity 200 Sight Range 18 Robot Scan Range 15 Terrain Scan Range 14 Terrain Scan Density 85 Armor Coverage 150 Resistance: KI 45 Resistance: TH 20 Resistance: EX 70 Resistance: EM 95 Resistance: I 45 Resistance: S 45 Resistance: P 45 Core Shielding 20 Melee Speed Boost 20 Evasion (%) 62 Targeting Accuracy 5 Melee Accuracy 6 Target Analysis 5 Recoil Reduction 2 Offensive Hacking 20 Defensive Hacking 10 Item Schematics ----------------- Adv. Beam Cannon | -9/Materials | Scanalyzed Robot Schematics ------------------ None Fabricated ------------ Nothing Alien Tech Used ----------------- None Achievements -------------- None Challenges ------------ None Polymind | -11 -10 -9 -9 -8 -7 -7 -6 -5 -5 -4 -4 ---------- Run | Yrd Mat Mat Min Mat Fac Gar Fac Fac DSF Fac Ext Hosts 19 | 1 2 3 . 1 6 . 2 . . 2 2 Combat Hostiles 10 | . 2 2 . . 2 . 2 . . 1 1 Allies . | . . . . . . . . . . . . Unique Host Classes 11 | 1 2 1 . 1 4 . 2 . . . . Average Host Suspicion 60 | 5 71 87 15 33 92 39 45 2 56 51 89 Unsuspicious Activity 1806 | 2 . 38 318 188 44 . 660 . . 539 17 Returns to Shadow 2 | . . . . . . . 1 . . 1 . Fuzzy Dispatches 3 | . . . . . . . 2 . . 1 . Protomatter Created 608 | . 5 50 14 . 120 . 62 . . . 357 Used 424 | 5 36 35 . 7 120 . 91 . . 65 65 Decayed . | . . . . . . . . . . . . Highest Spend 60 | 5 30 15 . 7 46 . 51 . . 60 60 Top 5 Hosts by Kills: S-10 Pest (-10/Materials: 6) G-47 Trooper (-10/Materials: 6) G-67 Veteran (-4/Extension: 6) H-55 Commando (-7/Factory: 4) L-41 Fighter (-7/Factory: 4) Game ------ Seed NavigationMissileExoskeleton Manual? 0 Play Time 01:25:23 Cumulative 102.7 hours Start 2024.04.06 @ 18:23:34 End 2024.04.06 @ 20:01:36 Sessions 3 Manual Loads 0 Difficulty Adventurer Special Mode Winter2022/Polymind Game No. 10 Rogue 0 Adventurer 10 Explorer 0 Win Type - Total 1 Types 1/0/0/0/0/0/0/0/0 Lore% 31 Gallery% 36 Achievement% 40 Wizard Run 0 Options --------- Layout 1 ASCII 0 Keyboard 0 Movement Numpad Keybinds 0 Fullscreen 1 Font 24/Smallcaps Map View 50x35 Zoom Use 10% Tactical HUD 0 Map Filters NONE Filters NONE Steam 1 RUN: c002d9ce-617d-4412-92ff-75a0399ba238